 Dungeon Crawl Stone Soup version 0.27.1 (webtiles) character file.

Game seed: 16211720983874943325

219 chaosape the Protected (level 5, -1/41 HPs)
             Began as a Gnoll Wanderer on Sept 5, 2021.
             Was a Believer of Yredelemnul.
             Killed by divine providence
             ... invoked by an orc priest
              (13 damage)
             ... on level 3 of the Dungeon.
             The game lasted 00:16:06 (4026 turns).

chaosape the Protected (Gnoll Wanderer)             Turns: 4026, Time: 00:16:07

Health: -1/41      AC: 13    Str: 12    XL:     5   Next: 96%
Magic:  5/7        EV:  9    Int: 11    God:    Yredelemnul [**....]
Gold:   160        SH:  0    Dex: 12    Spells: 7/7 levels left

rFire    . . .     SeeInvis .   o - +3 dagger (vamp)
rCold    . . .     Faith    .   (no shield)
rNeg     . . .     Spirit   .   b - +2 scale mail
rPois    .         Reflect  .   j - +2 helmet
rElec    .         Harm     .   (no cloak)
rCorr    .         Rampage  .   (no gloves)
Will     .....                  (no boots)
Stlth    +.........             (no amulet)
HPRegen  0.13/turn              (no ring)
MPRegen  0.10/turn              (no ring)

@: no status effects
A: fangs 1, strong nose, distributed training
a: Renounce Religion, Animate Remains, Recall Undead Slaves, Injury Mirror


You were on level 3 of the Dungeon.
You worshipped Yredelemnul.
Yredelemnul was pleased with you.
You visited 1 branch of the dungeon, and saw 3 of its levels.

You collected 160 gold pieces.

Inventory:

Hand Weapons
 a - a +0 hand axe
 d - a +0 dagger
 g - a +0 hunting sling
 h - a +1 short sword of flaming
 o - a +3 vampiric dagger (weapon)
Missiles
 e - 3 javelins (quivered)
 k - 46 stones
 l - 11 poisoned darts
Armour
 b - a +2 scale mail (worn)
 j - a +2 helmet (worn)
 n - a +0 scale mail
Scrolls
 c - a scroll of amnesia
 m - a scroll of magic mapping {unknown}
 q - a scroll of silence {unknown}
 r - a scroll of identify {unknown}
Potions
 f - a potion of flight {unknown}
 i - a potion of heal wounds
 p - a potion of brilliance {unknown}


   Skills:
 + Level 3.1 Fighting
 + Level 1.7 Short Blades
 + Level 1.7 Long Blades
 + Level 4.9 Axes
 + Level 3.1 Maces & Flails
 + Level 1.7 Polearms
 + Level 1.7 Staves
 + Level 1.7 Slings
 + Level 1.7 Bows
 + Level 1.7 Crossbows
 + Level 1.7 Throwing
 + Level 8.7 Armour
 + Level 1.7 Dodging
 + Level 4.5 Stealth
 + Level 1.7 Shields
 + Level 1.7 Unarmed Combat
 + Level 1.7 Spellcasting
 + Level 1.3 Conjurations
 + Level 1.3 Hexes
 + Level 1.3 Summonings
 + Level 1.3 Necromancy
 + Level 1.3 Translocations
 + Level 1.3 Transmutations
 + Level 1.3 Fire Magic
 + Level 1.3 Ice Magic
 + Level 1.3 Air Magic
 + Level 1.3 Earth Magic
 + Level 1.3 Poison Magic
 + Level 1.9 Invocations
 + Level 1.7 Evocations


You had 7 spell levels left.
You didn't know any spells.
Your spell library contained the following spells:

 Spells                   Type           Power      Damage    Failure   Level
 Sandblast                Erth           6%         2d5       56%         1
 Passwall                 Tmut/Erth      2%         N/A       71%         2
 Lee's Rapid Deconstruct  Erth           1%         3d5*      100%        5


Dungeon Overview and Level Annotations

Branches:
Dungeon (3/15)

Altars:
Fedhas
Yredelemnul


Innate Abilities, Weirdness & Mutations

You have very sharp teeth.
Your uncanny sense of smell can sniff out nearby items.
Your experience applies equally to all skills.


Message History

Your orc zombie misses the orc.
You hit the orc.
You feel better.
The orc is almost dead.
Your orc zombie closely misses the orc.
The orc closely misses you.
The orc hits your orc zombie with a +0 hand axe. x3
The orc priest hits your orc zombie with a +0 whip.
Your orc zombie is destroyed!
Your orc zombie barely misses the orc.
You closely miss the orc. Your bite misses the orc.
The orc is almost dead.
The orc hits you with a +0 hand axe.
The orc hits your orc zombie with a +0 hand axe.
The orc hits your orc zombie but does no damage.
Your orc zombie barely misses the orc.
Your scale mail prevents you from hitting the orc.
You bite the orc.
The orc is almost dead.
The orc hits you but does no damage.
Your orc zombie closely misses the orc.
The orc hits you with a +0 hand axe.
The orc completely misses your orc zombie.
The orc hits your orc zombie with a +0 hand axe.
Your orc zombie is destroyed!
You barely miss the orc.
The orc is almost dead.
Your orc zombie closely misses the orc.
You hit the orc.
You feel better.
You kill the orc!
Yredelemnul accepts your kill.
The orc priest calls down the wrath of Beogh upon you.
Pain shoots through your body!
* * * LOW HITPOINT WARNING * * *
The orc barely misses you.
Things that are here:
a +0 hand axe; an orc corpse You attempt to give life to the dead...
The dead are walking!
The orc hits you but does no damage.
The orc priest invokes the aid of Beogh against you.
Beogh smites you!
You die...
Your body rises from the dead as a mindless zombie.

............#...#......#..Z
............#.#.#......#..Z
...........#.#........###.
...........#.##.....ZZ# #.
...........#.##..#.##Z# #.
...........#.###.#Z##Z# ##
.........o.#.###..Z##Z# #
........oo.....##..##.####
.###...wo@Z....##..##.....
+.####Z.....###.####### #
#......#.........#
#......'..>......#
#......#.........#
########......#..........
..............#..........
.........######..........
.........................


You could see an orc priest (ally target), a dart slug, 3 orcs and 2 friendly
orc zombies.

Vanquished Creatures
  A jelly (D:2)
  Natasha (twice) (D:2)
  3 adders (D:2)
  A worm (D:2)
  2 dart slugs
  12 orcs (D:3)
  9 ball pythons
  6 endoplasms
  4 hobgoblins
  12 jackals
  6 kobolds
  4 quokkas (D:1)
  5 bats
  3 frilled lizards
  A frilled lizard zombie (D:2)
  7 goblins
  4 rats
82 creatures vanquished.

Vanquished Creatures (collateral kills)
  An adder (D:3)
1 creature vanquished.

Vanquished Creatures (others)
  A hobgoblin zombie (D:3)
  A jackal zombie (D:2)
  4 orc zombies (D:3)
6 creatures vanquished.

Grand Total: 89 creatures vanquished

Notes
Turn   | Place    | Note
-------+----------+-------------------------------------------
     0 | D:1      | chaosape the Gnoll Wanderer began the quest for the Orb.
     0 | D:1      | chaosape set off with the following items: a +0 hand axe, a
                  | +2 scale mail, a potion of curing, a +0 dagger
     0 | D:1      | Reached XP level 1. HP: 17/17 MP: 1/1
   290 | D:1      | Reached XP level 2. HP: 22/23 MP: 2/2
   702 | D:1      | Reached XP level 3. HP: 28/28 MP: 3/3
  1276 | D:1      | Reached skill level 1 in Invocations
  1737 | D:2      | Reached skill level 1 in Short Blades
  1737 | D:2      | Reached skill level 1 in Long Blades
  1737 | D:2      | Reached skill level 1 in Polearms
  1737 | D:2      | Reached skill level 1 in Staves
  1737 | D:2      | Reached skill level 1 in Slings
  1737 | D:2      | Reached skill level 1 in Bows
  1737 | D:2      | Reached skill level 1 in Crossbows
  1737 | D:2      | Reached skill level 1 in Throwing
  1737 | D:2      | Reached skill level 1 in Dodging
  1737 | D:2      | Reached skill level 1 in Shields
  1737 | D:2      | Reached skill level 1 in Unarmed Combat
  1737 | D:2      | Reached skill level 1 in Spellcasting
  1737 | D:2      | Reached skill level 1 in Evocations
  1817 | D:2      | Reached XP level 4. HP: 34/34 MP: 5/5
  1841 | D:2      | Found a faded altar of an unknown god.
  1859 | D:2      | Became a worshipper of Yredelemnul the Dark
  1859 | D:2      | Reached * piety under Yredelemnul
  2579 | D:2      | Reached skill level 1 in Conjurations
  2579 | D:2      | Reached skill level 1 in Hexes
  2579 | D:2      | Reached skill level 1 in Summonings
  2579 | D:2      | Reached skill level 1 in Necromancy
  2579 | D:2      | Reached skill level 1 in Translocations
  2579 | D:2      | Reached skill level 1 in Transmutations
  2579 | D:2      | Reached skill level 1 in Fire Magic
  2579 | D:2      | Reached skill level 1 in Ice Magic
  2579 | D:2      | Reached skill level 1 in Air Magic
  2579 | D:2      | Reached skill level 1 in Earth Magic
  2579 | D:2      | Reached skill level 1 in Poison Magic
  2702 | D:2      | Noticed Natasha
  2711 | D:2      | Killed Natasha
  2712 | D:2      | Reached XP level 5. HP: 33/40 MP: 6/6
  2730 | D:2      | HP: 2/40 [frilled lizard zombie[the player character] (2)]
  3065 | D:2      | Noticed Natasha
  3079 | D:2      | Killed Natasha
  3320 | D:3      | Reached ** piety under Yredelemnul
  3913 | D:3      | Found a blossoming altar of Fedhas.
  4026 | D:3      | Killed from afar by an orc priest

Illustrated notes

Levels and vault maps discovered:
D:1:      minmay_arrival_checkered_box, layout_basic, grunt_decor_mini_mirrors,
          st_stairs_9
D:2:      layout_basic, hellmonk_ecumenical_altar_blasted, uniq_natasha
D:3:      layout_basic, mainiacjoe_overflow_24_doors, old_standard_altar,
          serial_shops, nicolae_shop_window_shopping

Skill      XL: |  1  2  3  4  5 |
---------------+----------------+-----
Invocations    | 1 |  1.9
Short Blades   | 1 |  1.7
Long Blades    | 1 |  1.7
Polearms       | 1 |  1.7
Staves         | 1 |  1.7
Slings         | 1 |  1.7
Bows           | 1 |  1.7
Crossbows      | 1 |  1.7
Throwing       | 1 |  1.7
Dodging        | 1 |  1.7
Shields        | 1 |  1.7
Unarmed Combat | 1 |  1.7
Spellcasting   | 1 |  1.7
Evocations     | 1 |  1.7
Conjurations   | 1 |  1.3
Hexes          | 1 |  1.3
Summonings     | 1 |  1.3
Necromancy     | 1 |  1.3
Translocations | 1 |  1.3
Transmutations | 1 |  1.3
Fire Magic     | 1 |  1.3
Ice Magic      | 1 |  1.3
Air Magic      | 1 |  1.3
Earth Magic    | 1 |  1.3
Poison Magic   | 1 |  1.3
Fighting       | 3 |  3.1
Maces & Flails | 3 |  3.1
Axes           | |  4.9
Armour         | |  8.7
Stealth        | |  4.5

Action                   |  1- 3 |  4- 6 || total
-------------------------+-------+-------++-------
Melee: Hand axe          |   107 |       ||   107
       Bite              |     9 |    13 ||    22
       Short sword       |    31 |    53 ||    84
       Dagger            |       |   161 ||   161
       Punch             |       |     1 ||     1
Throw: Javelin           |       |     1 ||     1
Invok: Animate Remains   |       |    11 ||    11
  Use: Potion            |     1 |     1 ||     2
       Scroll            |     2 |       ||     2
 Stab: Sleeping          |       |     1 ||     1
Armor: Scale mail        |   115 |    84 ||   199
Dodge: Dodged            |    91 |    94 ||   185
